 Dungeon Crawl Stone Soup version 0.25-a0-388-g41a7e55 (webtiles) character file.

Game seed: 17974873140693598179, levelgen mode: deterministic

82 silenth the Chopper (level 4, 0/41 HPs)
             Began as a Hill Orc Fighter on Jan 7, 2020.
             Slain by a gnoll
             ... wielding a +0 spear
              (2 damage)
             ... on level 2 of the Dungeon.
             The game lasted 00:01:24 (1405 turns).

silenth the Chopper (Hill Orc Fighter)              Turns: 1405, Time: 00:01:25

Health: 0/41       AC:  6    Str: 19    XL:     4   Next: 43%
Magic:  4/4        EV:  7    Int:  8    God:
Gold:   52         SH:  9    Dex: 10    Spells: 3/3 levels left

rFire    . . .     SeeInvis +   a - +0 war axe
rCold    . . .     Gourm    .   c - +0 shield
rNeg     . . .     Faith    .   b - +0 scale mail
rPois    .         Spirit   .   (no helmet)
rElec    .         Reflect  .   (no cloak)
rCorr    .         Harm     .   (no gloves)
MR       .....                  (no boots)
Stlth    ..........             (no amulet)
HPRegen  0.13/turn              l - ring of see invisible
MPRegen  0.09/turn              (no ring)

@: lethally poisoned (0 -> -2)
A: no striking features
a: no special abilities


You were on level 2 of the Dungeon.
You were hungry.

You visited 1 branch of the dungeon, and saw 2 of its levels.

You collected 52 gold pieces.

Inventory:

Hand Weapons
 a - a +0 war axe (weapon)
Armour
 b - a +0 scale mail (worn)
 c - a +0 shield (worn)
Jewellery
 l - a ring of see invisible (left hand)
 m - an uncursed ring of positive energy
Wands
 p - a wand of enslavement (10)
Scrolls
 j - a scroll of immolation {unknown}
 k - a scroll of remove curse {unknown}
 n - 2 scrolls of teleportation {unknown}
 o - a scroll of enchant weapon {unknown}
Potions
 d - a potion of might
 f - 3 potions of heal wounds
 g - 2 potions of curing {unknown}
 h - a potion of mutation {unknown}
 i - a potion of degeneration {unknown}
Comestibles
 e - 2 rations


   Skills:
 + Level 4.6 Fighting
 * Level 5.2 Axes
 - Level 3.2 Armour
 - Level 3.2 Shields


You had 3 spell levels left.
You didn't know any spells.
Your spell library was empty.

Dungeon Overview and Level Annotations

Branches:
Dungeon (2/15)

Altars:
The Shining One


Message History

You block the adder's attack. x2; The gnoll hits you with a +0 spear!
* * * LOW HITPOINT WARNING * * *
You see here a bat corpse.
You miss the adder.
The adder is severely wounded.
You barely miss the gnoll.
You feel sick. The adder bites you but does no damage.
The gnoll hits you but does no damage.
You hit the adder but do no damage.
The adder is severely wounded.
You barely miss the gnoll. The adder completely misses you.
The gnoll hits you with a +0 spear.
* * * LOW HITPOINT WARNING * * *
The adder barely misses you.
You closely miss the adder.
The adder is severely wounded.
You closely miss the gnoll.
You feel sick. The adder barely misses you. You block the gnoll's attack.
The adder bites you.
* * * LOW HITPOINT WARNING * * *
The gnoll hits you with a +0 spear.
You die...

.... .# #... ..# ...
.. . ###..###.# ..
..#........##..
..>.......... #.g....#
#@S..# #..#...#.#
##.#...#.#.#.#
#.#...#.#.#.#
#.#...#.#.#'#######
#.#...#............
.##.#<..#............
#......<.#...)........
###...................


You could see a gnoll and an adder.

Vanquished Creatures
  3 gnolls (D:2)
  2 adders (D:2)
  A dart slug (D:1)
  A leopard gecko (D:1)
  5 bats
  2 giant cockroaches
  4 goblins
  A hobgoblin (D:1)
  6 jackals
  4 frilled lizards (D:1)
  3 kobolds (D:1)
  3 rats (D:1)
35 creatures vanquished.

Notes
Turn   | Place    | Note
-------+----------+-------------------------------------------
     0 | D:1      | silenth the Hill Orc Fighter began the quest for the Orb.
     0 | D:1      | Reached XP level 1. HP: 19/19 MP: 1/1
   131 | D:1      | Reached skill level 3 in Axes
   278 | D:1      | Reached XP level 2. HP: 26/27 MP: 2/2
   349 | D:1      | Reached skill level 4 in Fighting
   421 | D:1      | Found a glowing golden altar of the Shining One.
   513 | D:1      | Reached skill level 4 in Axes
   516 | D:1      | Reached XP level 3. HP: 23/33 MP: 3/3
  1009 | D:2      | Reached XP level 4. HP: 15/41 MP: 4/4
  1024 | D:2      | Reached skill level 5 in Axes
  1405 | D:2      | HP: 4/41 [poisoned by an adder]
  1405 | D:2      | Slain by a gnoll

Levels and vault maps discovered:
D:1:      giann_bridges, layout_basic, tso_metal_star
D:2:      layout_basic, lemuel_tele_altar

Skill      XL: |  1  2  3  4 |
---------------+-------------+-----
Axes           | 3 4 5 |  5.2
Fighting       | 4 |  4.6
Armour         | |  3.2
Shields        | |  3.2

Action                   |  1- 3 |  4- 6 || total
-------------------------+-------+-------++-------
Melee: War axe           |    98 |    36 ||   134
  Use: Potion            |       |     1 ||     1
  Eat: Chunk             |       |     1 ||     1
Armor: Scale mail        |    63 |    36 ||    99
Dodge: Dodged            |    41 |    22 ||    63
Block: Shield            |    65 |    39 ||   104

Table legend:
 A = Non-vault XP
 B = Vault XP
 C = Vault XP percentage of total XP
 D = Non-vault monster count
 E = Vault monster count
 F = Vault count percentage of total count
                 A         B        C        D         E       F
            +---------+---------+-------+---------+---------+-------
      Total |     118 |       0 |   0.0 |      35 |       0 |   0.0
            +---------+---------+-------+---------+---------+-------
        D:1 |      37 |       0 |   0.0 |      23 |       0 |   0.0
        D:2 |      81 |       0 |   0.0 |      12 |       0 |   0.0
            +---------+---------+-------+---------+---------+-------
